Map: Apotheosis LE

Players

Gracz - Winner!

  • Race: Terran Terran
  • League: Silver

rocket

  • Race: Zerg Zerg
  • League: Silver

VOD

Have the link to the VOD?

Description

Time

  • Played on: Sept. 24, 2016, 9:32 a.m.
  • Length: 9:27
Show
View Real Time Build Order
Export as new Build Order

Gracz Terran - Winner!

Build Orders:  

Get SALT Encoding   

  12  0:01  SCV  
  13  0:15  Supply Depot  
  13  0:17  SCV  
  14  0:29  SCV  
  14  0:33  Refinery  
  15  0:41  SCV  
  16  0:47  Barracks  
  16  0:53  SCV  
  17  1:05  SCV  
  18  1:14  Supply Depot  
  18  1:20  Barracks  
  18  1:23  SCV  
  19  1:35  SCV  
  20  1:40  Factory  
  20  1:44  Marine  
  21  1:50  SCV  
  22  2:01  Engineering Bay  
  22  2:13  Orbital Command  
  22  2:17  Barracks Tech Lab  
  22  2:18  Barracks Reactor  
  22  2:25  Barracks  
  22  2:38  Marauder  
  24  2:58  Command Center  
  24  3:09  SCV  
  25  3:13  Barracks Reactor  
  25  3:21  SCV  
  26  3:32  Marine, Refinery  
  26  3:33  Marine, SCV  
  29  3:43  Terran Infantry Weapons Level 1  
  29  3:50  Marine x2  
  31  3:59  Factory Tech Lab  
  31  4:08  Supply Depot, Starport  
  31  4:10  SCV  
  32  4:17  SCV  
  32  4:22  SCV  
  36  4:24  Marauder  
  36  4:29  SCV  
  36  4:31  Marine  
  37  4:32  Marine  
  37  4:34  SCV  
  40  4:41  Marine, SCV  
  40  4:42  Marine  
  45  4:46  Marauder  
  45  4:49  Marine x2  
  47  5:01  Stimpack  
  47  5:13  Orbital Command  
  47  5:18  Marine  
  47  5:19  Marine x3, Marauder  
  53  5:36  Marine  
  53  5:37  Supply Depot  
  53  5:42  Medivac, Marauder  
  58  6:04  Marauder  
  60  6:25  Marauder  
  41  7:38  Marine  
  41  7:39  Marine, Marauder  
  41  7:40  Marine x2  
  47  7:56  Marine  
  47  7:57  Marine  
  47  7:58  Marine x2  
  51  8:00  Marauder  
  53  8:13  Marine  
  53  8:15  Marine x3  
  57  8:21  SCV x2  
  57  8:22  Medivac, Marauder  
  63  8:27  Starport  
  63  8:31  Marine  
  63  8:33  Barracks, Marine x3, SCV x2  
  69  8:45  SCV  
  70  8:52  Marine x4  
  70  8:53  Marauder  
Show
View Real Time Build Order
Export as new Build Order

rocket Zerg 

Build Orders: Pool First 

Get SALT Encoding   

  12  0:01  Drone  
  13  0:09  Drone  
  14  0:19  Overlord  
  14  0:41  Spawning Pool  
  13  0:43  Drone  
  13  0:45  Drone  
  13  0:47  Drone  
  16  1:04  Extractor  
  16  1:10  Overlord  
  15  1:19  Drone x2  
  17  1:28  Drone  
  17  1:31  Queen  
  20  1:42  Extractor  
  20  1:45  Drone  
  20  1:59  Hatchery  
  19  2:02  Drone x2  
  21  2:17  Baneling Nest  
  20  2:27  Lair  
  20  2:46  Drone x2  
  20  2:47  Drone  
  20  2:50  Drone  
  24  2:59  Zergling x4  
  26  3:16  Queen  
  26  3:18  Drone  
  29  3:22  Baneling  
  29  3:23  Baneling  
  29  3:24  Baneling  
  29  3:25  Baneling  
  29  3:28  Zergling x2  
  29  3:29  Zergling x6  
  33  3:40  Spine Crawler  
  32  3:43  Drone x2  
  34  4:07  Hydralisk Den  
  33  4:16  Spire  
  32  4:22  Baneling x3  
  32  4:23  Baneling x4  
  32  4:24  Baneling  
  32  4:38  Extractor  
  31  4:40  Extractor  
  30  4:50  Lurker Den  
  30  5:03  Overlord x2  
  30  5:04  Overlord  
  30  5:05  Overlord  
  30  5:13  Drone x2  
  32  5:14  Drone  
  32  5:18  Drone x3  
  36  5:31  Hydralisk  
  36  5:32  Hydralisk  
  40  5:38  Hydralisk  
  42  5:45  Hydralisk  
  44  6:08  Hydralisk  
  44  6:09  Hydralisk  
  44  6:11  Hydralisk  
  50  6:26  Overseer  
  50  6:34  Drone x2  
  50  6:37  Drone x3  
  50  6:38  Drone x2  
  57  6:45  Drone  
  58  6:48  Drone  
  58  6:53  Drone  
  45  7:22  Zergling x4  
  46  7:23  Zergling x8  
  46  7:24  Zergling x6  
  53  7:31  Spine Crawler  
  53  7:36  Metabolic Boost  
  52  7:39  Hydralisk x3  
  58  7:52  Drone x2  
  59  8:38  Overlord  
  59  8:39  Overlord x2  
  59  8:49  Queen  
  56  9:08  Lurker  
Tags
 
Add a new tag
Caveats
  • Supply blocks, unpowered buildings, or Contaminate may cause inaccurate times.
  • Supply counts are checked every 10 seconds.